General information
- name: BNet
- type: Ladder team game (AT/RT)
- host: Battle.net
- saver: DETROITSUCKSLOL
map: Cherryville
- players: 8
- length: 73:02
- speed: Fast
- version: 1.26 W3XP
- replay type: Public
» download(338 KB)
Players
team 1 (winner)
walmartpimp (
yellow | 52 APM | 3821 actions | 73:00)
8 Mountain King
3 Storm Bolt
3 Bash
1 Avatar
1 Thunder Clap
» actions
| Assign group hotkey | 35 | |
| Basic commands | 35 | |
| Build / train | 71 | |
| ESC pressed | 4 | |
| Enter build submenu | 38 | |
| Enter hero's abilities submenu | 8 | |
| Give item / drop item | 2 | |
| Right click | 1175 | |
| Select / deselect | 295 | |
| Select group hotkey | 2060 | |
| Use ability | 98 | |
3821 total
» units
» upgrades
| Masonry | 1 | |
| Swords | 3 | |
| Plating | 3 | |
| Lumber Harvesting | 2 | |
| Animal War Training | 1 | |
10 total
» buildings
| Lumber Mill | 1 | |
| Farm | 13 | |
| Scout Tower | 12 | |
| Guard Tower | 9 | |
| Arcane Tower | 5 | |
| Keep | 1 | |
| Blacksmith | 2 | |
| Barracks | 4 | |
| Altar of Kings | 3 | |
| Castle | 1 | |
| Arcane Vault | 1 | |
52 total
» build order
00:09 Lumber Mill
00:22 Farm
01:28 Scout Tower
01:35 Scout Tower
01:52 Guard Tower
01:55 Scout Tower
02:01 Guard Tower
02:06 Scout Tower
02:24 Scout Tower
02:28 Guard Tower
02:35 Arcane Tower
02:37 Scout Tower
02:51 Scout Tower
02:53 Scout Tower
02:55 Guard Tower
02:58 Guard Tower
03:01 Scout Tower
03:26 Guard Tower
04:06 Guard Tower
04:11 Scout Tower
04:14 Scout Tower
04:17 Scout Tower
04:44 Guard Tower
04:53 Arcane Tower
04:53 Arcane Tower
04:53 Arcane Tower
04:54 Arcane Tower
05:07 Farm
05:09 Farm
05:22 Farm
06:00 Farm
06:02 Farm
06:38 Farm
07:01 Keep
07:08 Blacksmith
07:11 Blacksmith
07:24 Barracks
07:58 Altar of Kings
08:01 Altar of Kings
08:13 Farm
09:20 Barracks
09:28 Castle
09:37 Farm
10:08 Barracks
10:29 Farm
10:31 Farm
15:51 Farm
15:53 Farm
19:39 Arcane Vault
23:31 Barracks
50:06 Altar of Kings
» items
| Scroll of Healing | 1 | |
| Circlet of Nobility | 1 | |
| Potion of Lesser Invulnerability | 3 | |
| Scroll of Town Portal | 2 | |
| Potion of Healing | 2 | |
| Orb of Fire | 1 | |
| Staff of Teleportation | 1 | |
11 total
DETROITSUCKSLOL (
teal | 45 APM | 3266 actions | 73:02)
6 Warden
2 Shadow Strike
3 Blink
1 Spirit of Vengeance
» actions
| Assign group hotkey | 56 | |
| Basic commands | 229 | |
| Build / train | 88 | |
| Enter build submenu | 29 | |
| Enter hero's abilities submenu | 6 | |
| Give item / drop item | 3 | |
| Right click | 997 | |
| Select / deselect | 469 | |
| Select group hotkey | 1151 | |
| Use ability | 238 | |
3266 total
» units
| Wisp | 40 | |
| Mountain Giant | 14 | |
| Goblin Zeppelin | 1 | |
| Goblin Shredder | 1 | |
| Hippogryph | 3 | |
59 total
» upgrades
| Strength of the Wild | 3 | |
| Reinforced Hides | 3 | |
| Nature's Blessing | 1 | |
| Resistant Skin | 1 | |
| Hardened Skin | 1 | |
| Ultravision | 1 | |
| Well Spring | 1 | |
11 total
» buildings
| Moon Well | 9 | |
| Altar of Elders | 1 | |
| Hunter's Hall | 1 | |
| Tree of Ages | 2 | |
| Ancient Protector | 31 | |
| Ancient of Lore | 2 | |
| Tree of Eternity | 1 | |
| Ancient of Wonders | 1 | |
| Tree of Life | 1 | |
| Ancient of Wind | 2 | |
| Chimaera Roost | 2 | |
53 total
» build order
00:13 Moon Well
00:24 Altar of Elders
01:18 Hunter's Hall
01:45 Moon Well
02:42 Moon Well
02:53 Tree of Ages
02:58 Moon Well
04:10 Ancient Protector
04:10 Ancient Protector
04:11 Ancient Protector
05:18 Ancient of Lore
05:19 Ancient of Lore
06:06 Tree of Eternity
06:13 Moon Well
06:38 Ancient of Wonders
07:16 Moon Well
07:17 Moon Well
09:40 Tree of Life
13:30 Ancient Protector
13:31 Ancient Protector
13:32 Ancient Protector
13:52 Ancient Protector
13:54 Ancient Protector
16:18 Ancient Protector
16:19 Ancient Protector
16:19 Ancient Protector
16:20 Ancient Protector
18:45 Ancient Protector
18:45 Ancient Protector
20:07 Ancient Protector
20:07 Ancient Protector
20:14 Ancient Protector
20:14 Ancient Protector
20:16 Ancient Protector
20:23 Ancient Protector
21:06 Moon Well
21:19 Moon Well
23:30 Ancient of Wind
23:33 Ancient of Wind
24:51 Ancient Protector
25:37 Ancient Protector
25:38 Ancient Protector
25:39 Ancient Protector
28:27 Ancient Protector
28:27 Ancient Protector
38:22 Ancient Protector
41:09 Chimaera Roost
41:10 Chimaera Roost
42:42 Ancient Protector
42:43 Ancient Protector
42:43 Ancient Protector
42:43 Ancient Protector
» items
| Staff of Teleportation | 1 | |
| Orb of Venom | 1 | |
| Staff of Preservation | 1 | |
| Potion of Lesser Invulnerability | 1 | |
| Scroll of Town Portal | 3 | |
| Potion of Healing | 1 | |
8 total
Jotunn (
purple | 32 APM | 2347 actions | 73:00)
7 Keeper of the Grove
3 Entangling Roots
3 Thorns Aura
1 Tranquility
» actions
| Assign group hotkey | 78 | |
| Basic commands | 218 | |
| Build / train | 106 | |
| Enter build submenu | 62 | |
| Enter hero's abilities submenu | 7 | |
| Give item / drop item | 1 | |
| Remove unit from queue | 2 | |
| Right click | 942 | |
| Select / deselect | 497 | |
| Select group hotkey | 248 | |
| Use ability | 186 | |
2347 total
» units
| Wisp | 41 | |
| Archer | 7 | |
| Mountain Giant | 18 | |
| Hippogryph | 5 | |
71 total
» upgrades
| Reinforced Hides | 3 | |
| Strength of the Wild | 3 | |
| Well Spring | 1 | |
| Hardened Skin | 1 | |
| Resistant Skin | 1 | |
| Ultravision | 1 | |
| Nature's Blessing | 1 | |
11 total
» buildings
| Altar of Elders | 1 | |
| Moon Well | 19 | |
| Ancient of War | 1 | |
| Tree of Ages | 2 | |
| Hunter's Hall | 1 | |
| Tree of Life | 4 | |
| Tree of Eternity | 2 | |
| Ancient of Lore | 13 | |
| Ancient of Wonders | 2 | |
| Ancient Protector | 13 | |
| Ancient of Wind | 3 | |
61 total
» build order
00:22 Altar of Elders
00:46 Moon Well
00:56 Ancient of War
01:29 Moon Well
04:15 Tree of Ages
04:21 Moon Well
04:38 Moon Well
04:39 Moon Well
06:07 Hunter's Hall
08:21 Tree of Life
08:35 Moon Well
08:37 Moon Well
08:38 Moon Well
08:44 Tree of Eternity
10:59 Ancient of Lore
11:04 Ancient of Lore
11:15 Ancient of Lore
12:31 Ancient of Wonders
13:56 Ancient Protector
13:57 Ancient Protector
13:58 Ancient Protector
14:00 Ancient Protector
14:05 Ancient Protector
14:07 Ancient Protector
14:11 Ancient Protector
14:28 Ancient Protector
14:30 Ancient Protector
14:31 Ancient Protector
14:32 Ancient Protector
14:33 Ancient Protector
14:44 Ancient Protector
20:39 Tree of Life
25:22 Moon Well
25:23 Moon Well
25:23 Moon Well
25:24 Moon Well
25:28 Moon Well
25:30 Moon Well
25:32 Moon Well
25:33 Moon Well
25:34 Moon Well
25:35 Moon Well
25:37 Moon Well
29:59 Ancient of Lore
30:00 Ancient of Lore
30:02 Ancient of Lore
30:06 Ancient of Wind
30:07 Ancient of Wind
30:08 Ancient of Wind
30:35 Tree of Ages
35:58 Tree of Life
44:00 Tree of Eternity
47:05 Tree of Life
52:01 Ancient of Lore
52:03 Ancient of Lore
52:04 Ancient of Lore
52:13 Ancient of Lore
52:44 Ancient of Lore
52:47 Ancient of Lore
52:49 Ancient of Lore
54:28 Ancient of Wonders
» items
| Scroll of Town Portal | 5 | |
| Anti-magic Potion | 1 | |
| Staff of Teleportation | 1 | |
| Boots of Speed | 1 | |
| Potion of Lesser Invulnerability | 1 | |
| Periapt of Vitality | 1 | |
10 total
turdhunter (
red | 16 APM | 1199 actions | 73:00)
8 Mountain King
3 Thunder Clap
3 Bash
1 Avatar
1 Storm Bolt
» actions
| Basic commands | 1 | |
| Build / train | 105 | |
| Enter build submenu | 23 | |
| Enter hero's abilities submenu | 9 | |
| Give item / drop item | 2 | |
| Remove unit from queue | 4 | |
| Right click | 585 | |
| Select / deselect | 427 | |
| Use ability | 42 | |
1199 total
» units
| Peasant | 13 | |
| Footman | 14 | |
| Knight | 30 | |
| Flying Machine | 16 | |
73 total
» upgrades
| Swords | 3 | |
| Plating | 3 | |
| Lumber Harvesting | 2 | |
| Animal War Training | 1 | |
| Gunpowder | 3 | |
| Flak Cannons | 1 | |
| Armor | 2 | |
15 total
» buildings
| Altar of Kings | 1 | |
| Farm | 15 | |
| Barracks | 2 | |
| Keep | 2 | |
| Blacksmith | 1 | |
| Castle | 2 | |
| Lumber Mill | 1 | |
| Town Hall | 1 | |
| Workshop | 1 | |
26 total
» build order
00:12 Altar of Kings
00:16 Farm
00:27 Barracks
01:02 Farm
02:19 Farm
03:49 Farm
03:56 Keep
04:41 Farm
05:29 Blacksmith
07:05 Castle
07:21 Lumber Mill
08:06 Barracks
08:12 Farm
08:57 Farm
09:53 Farm
10:50 Town Hall
11:15 Farm
12:06 Farm
15:17 Farm
16:09 Farm
20:18 Farm
22:37 Workshop
33:15 Keep
33:38 Farm
34:36 Farm
35:45 Castle
team 2 (loser)
rivast123 (
green | 42 APM | 1683 actions | 39:41)
5 Keeper of the Grove
2 Force of Nature
3 Entangling Roots
1 Tauren Chieftain
1 War Stomp
» actions
| Basic commands | 1 | |
| Build / train | 101 | |
| Enter build submenu | 40 | |
| Enter hero's abilities submenu | 6 | |
| Remove unit from queue | 5 | |
| Right click | 833 | |
| Select / deselect | 630 | |
| Use ability | 67 | |
1683 total
» units
| Wisp | 19 | |
| Archer | 11 | |
| Huntress | 5 | |
| Peon | 6 | |
| Grunt | 6 | |
| Shaman | 5 | |
| Troll Witch Doctor | 1 | |
| Chimaera | 4 | |
57 total
» upgrades
| Melee Weapons | 3 | |
| Strength of the Moon | 2 | |
| Moon Armor | 1 | |
| Berserker Strength | 1 | |
| Improved Bows | 1 | |
| Armor | 3 | |
| Shaman Training | 2 | |
| Pillage | 1 | |
| Upgrade Moon Glaive | 1 | |
| Witch Doctor Training | 1 | |
| Corrosive Breath | 1 | |
| Spirit Walker Training | 1 | |
18 total
» buildings
| Altar of Elders | 1 | |
| Ancient of War | 3 | |
| Moon Well | 8 | |
| Ancient of Wonders | 1 | |
| Stronghold | 1 | |
| Hunter's Hall | 1 | |
| Orc Burrow | 5 | |
| Altar of Storms | 1 | |
| Barracks | 3 | |
| Ancient Protector | 3 | |
| Fortress | 1 | |
| Tree of Ages | 1 | |
| Tree of Eternity | 1 | |
| Spirit Lodge | 2 | |
| Tauren Totem | 1 | |
| Ancient of Wind | 1 | |
| Chimaera Roost | 3 | |
| Great Hall | 1 | |
| Tree of Life | 1 | |
39 total
» build order
00:43 Altar of Elders
01:15 Ancient of War
01:21 Ancient of War
01:39 Moon Well
01:50 Moon Well
01:54 Ancient of Wonders
02:27 Moon Well
05:11 Moon Well
06:02 Stronghold
07:02 Hunter's Hall
07:07 Orc Burrow
07:13 Altar of Storms
07:15 Orc Burrow
07:30 Moon Well
07:50 Barracks
08:11 Ancient Protector
08:18 Ancient Protector
08:22 Ancient Protector
08:26 Moon Well
09:14 Fortress
09:17 Barracks
09:30 Tree of Ages
10:16 Ancient of War
10:37 Barracks
10:40 Orc Burrow
12:41 Tree of Eternity
12:53 Spirit Lodge
12:57 Spirit Lodge
13:07 Orc Burrow
13:12 Orc Burrow
14:16 Tauren Totem
15:39 Moon Well
15:43 Moon Well
20:03 Ancient of Wind
21:21 Chimaera Roost
21:25 Chimaera Roost
21:30 Chimaera Roost
31:51 Great Hall
36:07 Tree of Life
» items
| Scroll of Town Portal | 3 | |
| Orb of Venom | 1 | |
4 total
MountainGiants (
pink | 42 APM | 3094 actions | 73:00)
8 Priestess of the Moon
3 Trueshot Aura
3 Searing Arrows
1 Starfall
1 Scout
» actions
| Assign group hotkey | 185 | |
| Basic commands | 110 | |
| Build / train | 114 | |
| ESC pressed | 1 | |
| Enter build submenu | 48 | |
| Enter hero's abilities submenu | 10 | |
| Give item / drop item | 3 | |
| Remove unit from queue | 2 | |
| Right click | 920 | |
| Select / deselect | 963 | |
| Select group hotkey | 494 | |
| Use ability | 244 | |
3094 total
» units
| Wisp | 38 | |
| Archer | 6 | |
| Mountain Giant | 23 | |
| Hippogryph | 6 | |
| Druid of the Talon | 1 | |
| Druid of the Claw | 2 | |
76 total
» upgrades
| Strength of the Wild | 3 | |
| Reinforced Hides | 3 | |
| Hardened Skin | 1 | |
| Resistant Skin | 1 | |
| Well Spring | 1 | |
| Nature's Blessing | 1 | |
| Ultravision | 1 | |
| Backpack | 1 | |
| Strength of the Moon | 1 | |
| Moon Armor | 1 | |
| Druid of the Talon Training | 2 | |
| Druid of the Claw Training | 2 | |
| Mark of the Claw | 1 | |
| Abolish Magic | 1 | |
20 total
» buildings
| Altar of Elders | 1 | |
| Ancient of War | 1 | |
| Moon Well | 10 | |
| Hunter's Hall | 1 | |
| Ancient of Wonders | 2 | |
| Tree of Ages | 3 | |
| Ancient Protector | 12 | |
| Tree of Eternity | 1 | |
| Ancient of Lore | 3 | |
| Tree of Life | 5 | |
| Ancient of Wind | 1 | |
40 total
» build order
00:10 Altar of Elders
00:21 Ancient of War
01:23 Moon Well
01:35 Moon Well
02:57 Moon Well
03:38 Hunter's Hall
04:27 Ancient of Wonders
04:41 Tree of Ages
05:15 Moon Well
06:26 Ancient Protector
06:31 Ancient Protector
07:06 Tree of Eternity
07:10 Ancient of Lore
07:47 Ancient of Lore
08:48 Moon Well
10:40 Moon Well
12:22 Tree of Life
15:52 Tree of Life
17:22 Ancient Protector
17:24 Ancient Protector
21:26 Moon Well
21:27 Moon Well
22:30 Tree of Life
24:52 Ancient Protector
27:31 Ancient Protector
28:01 Ancient Protector
28:54 Ancient of Wind
29:53 Ancient Protector
31:18 Ancient Protector
32:54 Moon Well
35:46 Ancient Protector
35:54 Ancient Protector
36:58 Ancient Protector
40:52 Tree of Ages
41:17 Ancient of Wonders
42:41 Ancient of Lore
43:30 Tree of Life
45:42 Tree of Ages
46:50 Tree of Life
52:49 Moon Well
» items
| Staff of Preservation | 1 | |
| Orb of Venom | 1 | |
| Scroll of Town Portal | 1 | |
3 total

»
magicwarlock (
blue | 57 APM | 2236 actions | 39:33)
6 Mountain King
3 Storm Bolt
2 Bash
1 Avatar
3 Paladin
2 Holy Light
1 Divine Shield
2 Archmage
1 Summon Water Elemental
1 Brilliance Aura
» actions
| Assign group hotkey | 29 | |
| Basic commands | 4 | |
| Build / train | 88 | |
| ESC pressed | 2 | |
| Enter build submenu | 30 | |
| Enter hero's abilities submenu | 11 | |
| Give item / drop item | 7 | |
| Right click | 1207 | |
| Select / deselect | 228 | |
| Select group hotkey | 496 | |
| Use ability | 131 | |
2236 total
» units
| Peasant | 18 | |
| Footman | 5 | |
| Dragonhawk Rider | 9 | |
32 total
» upgrades
| Defend | 1 | |
| Masonry | 3 | |
| Lumber Harvesting | 2 | |
| Swords | 3 | |
| Armor | 3 | |
| Cloud | 1 | |
13 total
» buildings
| Altar of Kings | 1 | |
| Scout Tower | 6 | |
| Farm | 14 | |
| Arcane Tower | 3 | |
| Lumber Mill | 1 | |
| Barracks | 2 | |
| Arcane Vault | 1 | |
| Guard Tower | 3 | |
| Keep | 2 | |
| Town Hall | 2 | |
| Blacksmith | 1 | |
| Castle | 1 | |
| Gryphon Aviary | 3 | |
40 total
» build order
00:21 Altar of Kings
00:30 Scout Tower
00:46 Farm
00:58 Arcane Tower
01:07 Lumber Mill
01:26 Farm
02:07 Farm
02:44 Barracks
02:51 Barracks
03:29 Arcane Vault
04:29 Farm
04:34 Scout Tower
05:01 Scout Tower
05:04 Guard Tower
05:11 Scout Tower
05:18 Farm
05:36 Arcane Tower
05:44 Scout Tower
05:46 Guard Tower
06:07 Farm
06:18 Arcane Tower
06:34 Scout Tower
06:59 Keep
07:13 Guard Tower
10:13 Town Hall
11:09 Blacksmith
11:40 Castle
12:27 Gryphon Aviary
12:32 Gryphon Aviary
12:36 Gryphon Aviary
12:59 Farm
13:07 Farm
13:11 Farm
14:32 Farm
14:34 Farm
14:36 Farm
18:38 Farm
18:40 Farm
20:21 Town Hall
25:02 Keep
» items
| Scroll of Regeneration | 5 | |
| Lesser Clarity Potion | 7 | |
| Boots of Speed | 1 | |
| Dust of Appearance | 1 | |
| Scroll of Protection | 1 | |
| Scroll of Town Portal | 2 | |
| Potion of Healing | 1 | |
| Circlet of Nobility | 1 | |
19 total
STFU_OR_I_BS_U (
orange | 14 APM | 55 actions | 03:59)
» actions
| Build / train | 6 | |
| Enter build submenu | 6 | |
| Right click | 13 | |
| Select / deselect | 23 | |
| Use ability | 7 | |
55 total
» units
» buildings
| War Mill | 1 | |
| Watch Tower | 4 | |
| Orc Burrow | 1 | |
6 total
» build order
00:07 War Mill
01:36 Watch Tower
01:44 Watch Tower
02:06 Orc Burrow
02:42 Watch Tower
02:48 Watch Tower
Chat log
(00:15 / All) MountainGiants: sup
(00:18 / All) DETROITSUCKSLOL: heil hitler
(00:39 / All) MountainGiants: Hitler was a great man
(00:40 / Allies) turdhunter: knights
(00:46 / Allies) walmartpimp: towering
(00:55 / Allies) turdhunter: legit homie dont tower
(01:15 / Allies) turdhunter: if you rly wanna go for it but still lol
(02:32 / Allies) DETROITSUCKSLOL: red help me
(02:34 / Allies) DETROITSUCKSLOL: they are towering me k?
(02:39 / Allies) turdhunter: kk
(02:46 / Allies) DETROITSUCKSLOL: like now lawl
(02:47 / Allies) DETROITSUCKSLOL: ty
(03:21 / Allies) turdhunter: FFS
(03:47 / Allies) Jotunn: retards tping for level 1 hero
(04:04 / Allies) turdhunter: haha
(04:05 / All) MountainGiants: Raped
(04:20 / All) walmartpimp: that was nice
(04:42 / All) walmartpimp: props
(04:47 / All) MountainGiants: ty
(04:57 / All) MountainGiants: free xp
(05:36 / Allies) DETROITSUCKSLOL: help me get shredder plz red!
(05:39 / Allies) turdhunter: tp?
(05:47 / Allies) DETROITSUCKSLOL: no
(05:51 / Allies) turdhunter: kk
(06:20 / Allies) turdhunter: my heros following you teal
(09:02 / Allies) DETROITSUCKSLOL: \
(13:07 / Allies) turdhunter: hit?
(14:23 / Allies) DETROITSUCKSLOL: lets hit top
(15:45 / Allies) turdhunter: with you purp
(16:43 / Allies) walmartpimp: do we have any aa>?
(16:50 / Allies) DETROITSUCKSLOL: yea
(16:51 / Allies) Jotunn: Absolutely none at all
(16:53 / Allies) DETROITSUCKSLOL: my mountain giants
(16:56 / Allies) turdhunter: i said i was going knights...
(17:23 / All) Jotunn: LOL
(18:53 / Allies) walmartpimp: we need aa bad
(19:50 / Allies) DETROITSUCKSLOL: tp lalw
(19:53 / Allies) walmartpimp: knights at my base turd
(20:07 / Allies) turdhunter: ty
(21:57 / Allies) turdhunter: FACK
(22:37 / Allies) DETROITSUCKSLOL: i need help idiots
(22:55 / Allies) turdhunter: i cant do shit their air
(23:19 / Allies) DETROITSUCKSLOL: chase yellow
(24:12 / All) walmartpimp: lol
(24:18 / All) MountainGiants: longest battle ever
(24:19 / All) walmartpimp: I have never seen MG's going at it
(24:58 / All) MountainGiants: owned
(25:08 / All) MountainGiants: can these niggers even use moon wells?
(25:49 / All) DETROITSUCKSLOL: wish mg's could use orbs
(25:59 / Allies) Jotunn: why we still don't have AA
(26:08 / Allies) turdhunter: im gettin some flying machines
(26:11 / All) MountainGiants: better my hero than expo, no income
(26:16 / All) MountainGiants: this is a weird ass match
(26:21 / Allies) DETROITSUCKSLOL: force tp
(26:22 / Allies) DETROITSUCKSLOL: red
(27:13 / All) DETROITSUCKSLOL: lawl
(27:15 / Allies) turdhunter: haha
(27:31 / Allies) DETROITSUCKSLOL: hit green yellow
(27:32 / Allies) DETROITSUCKSLOL: force tp
(27:42 / Allies) DETROITSUCKSLOL: dont hit orange turncoat
(27:43 / Allies) DETROITSUCKSLOL: he left
(29:10 / Allies) DETROITSUCKSLOL: nuke his hero
(29:11 / Allies) DETROITSUCKSLOL: greens
(31:31 / Allies) walmartpimp: make hipps
(31:34 / Allies) walmartpimp: then we win
(32:09 / Allies) DETROITSUCKSLOL: come red yellow
(32:11 / Allies) DETROITSUCKSLOL: IGNORE PINK
(32:13 / Allies) DETROITSUCKSLOL: HE IS NOT THREAT
(32:30 / Allies) Jotunn: ignore pink
(32:35 / Allies) Jotunn: ignore pink
(32:51 / Allies) Jotunn: stun mk
(33:50 / Allies) DETROITSUCKSLOL: wtf us topped chasing chims
(33:51 / All) DETROITSUCKSLOL: why?
(34:02 / Allies) Jotunn: kill your shreddar for food
(34:39 / All) walmartpimp: Wow, how did you lose
(35:51 / All) DETROITSUCKSLOL: now red gets air
(36:08 / Allies) turdhunter: ive had for awhile...
(36:14 / All) DETROITSUCKSLOL: i guess when a player says he is going "knights footies" I CANNOT deviate from that plan
(36:39 / Allies) turdhunter: then yellow went footies and you said we needed air...
(36:43 / All) DETROITSUCKSLOL: kill orange
(36:49 / Allies) walmartpimp: yep
(36:50 / Allies) walmartpimp: lol
(37:01 / All) DETROITSUCKSLOL: hit orange
(37:09 / Allies) Jotunn: let's kill this mk
(37:14 / All) DETROITSUCKSLOL: rezzing hero
(37:18 / All) DETROITSUCKSLOL: had 100 food of mg's
(37:32 / Allies) Jotunn: damn
(37:38 / Allies) Jotunn: he used ult before Ic ould rape mana
(37:40 / All) DETROITSUCKSLOL: goog
(37:41 / All) DETROITSUCKSLOL: my expo
(38:21 / All) magicwarlock: nice
(38:39 / All) magicwarlock: pink is thinking in win lol
(39:14 / All) MountainGiants: you lose, out
(39:31 / All) walmartpimp: STUN
(39:33 / All) rivast123: red u noob
(39:44 / All) turdhunter: stfu
(39:49 / All) walmartpimp: love stun on starfall
(39:59 / Allies) turdhunter: haha
(40:19 / Allies) walmartpimp: lol
(40:27 / All) walmartpimp: mg giant romp
(40:53 / Allies) turdhunter: wtf dog
(40:59 / Allies) turdhunter: why? jw
(41:14 / All) walmartpimp: so many giants
(41:38 / All) MountainGiants: this is a pro strat
(41:46 / Allies) turdhunter: yellow why are they killing us?
(41:56 / All) DETROITSUCKSLOL: cooldown
(41:58 / All) DETROITSUCKSLOL: 5 sec
(42:25 / Allies) turdhunter: why?
(42:28 / Allies) Jotunn: dammit
(42:53 / Allies) turdhunter: just tell me why the fuck your killing me and yellow?
(43:01 / Allies) walmartpimp: who cares
(43:06 / Allies) walmartpimp: im cool with it
(43:08 / Allies) turdhunter: i dont im jw
(43:08 / Allies) walmartpimp: games over
(44:09 / Allies) turdhunter: yellow
(44:12 / Allies) turdhunter: roll with me
(45:56 / All) MountainGiants: and you niggers said this was a bad strat for stabbing
(46:06 / All) DETROITSUCKSLOL: rape lalw
(46:27 / All) turdhunter: ???
(46:34 / All) MountainGiants: you were humiliated red
(46:35 / All) MountainGiants: leave
(46:52 / All) turdhunter: bro this doesnt humilate me lol its a game
(47:27 / All) turdhunter: so what was this whole thing a prank or sumshit?
(47:34 / All) MountainGiants: it was planned to rape you
(47:44 / All) DETROITSUCKSLOL: no prank this is a mountain giant world
(47:54 / All) walmartpimp: Agreed
(47:55 / All) DETROITSUCKSLOL: we need to have a 300 food mountain giant battle
(48:05 / All) MountainGiants: It will be pro
(48:12 / All) MountainGiants: The War of the Ancients, Pt. II
(48:14 / All) walmartpimp: I WANT TO SEE THIS
(48:24 / All) turdhunter: damn this is what yall niggas do for fun shit
(48:29 / All) MountainGiants: Yes.
(48:45 / All) turdhunter: menz should be out juicin and gettin pussy
(49:01 / All) MountainGiants: Shut your whore mouth. You only hunt turds.
(49:15 / All) turdhunter: you
(49:17 / All) turdhunter: get
(49:18 / All) turdhunter: no
(49:20 / All) turdhunter: pussy
(49:22 / All) turdhunter: fact.
(49:27 / All) DETROITSUCKSLOL: rapelawl
(49:28 / All) MountainGiants: Opinion.
(49:33 / All) MountainGiants: You should research what a fact is.
(49:44 / All) walmartpimp: THIS WILL BE AWESOME
(49:54 / All) turdhunter: no the fact that you would do this for fun is enough evidence
(50:05 / All) DETROITSUCKSLOL: wasn't it fun to see 300 mountain giants
(50:10 / All) MountainGiants: Wiminz love mountain giant penetration
(50:11 / All) DETROITSUCKSLOL: first time ever in a 4v4rt game
(50:38 / All) turdhunter: better than pussy?
(50:43 / Allies) walmartpimp: what are you doing?
(50:50 / Allies) walmartpimp: dont attack him
(50:51 / All) turdhunter: watching giants fight on a computer screen
(51:04 / Allies) Jotunn: tp staff on it
(51:05 / Allies) walmartpimp: want the mg battle
(51:08 / Allies) Jotunn: before it finishes alta
(51:19 / All) DETROITSUCKSLOL: lalw
(51:23 / Allies) walmartpimp: lol
(51:26 / Allies) Jotunn: his last unit
(51:34 / All) turdhunter: and dog why you hate detriot
(51:36 / All) DETROITSUCKSLOL: naughty boy yellow
(51:40 / All) walmartpimp: YEAH!
(51:42 / All) DETROITSUCKSLOL: i hate blacks thats why,
(51:44 / All) MountainGiants: Detroit is a slum full of niggers and poor people
(51:46 / All) DETROITSUCKSLOL: they are in detroit
(52:00 / All) walmartpimp: LOL, raped
(52:09 / All) turdhunter: and they still get more pussy than you guys
(52:21 / All) DETROITSUCKSLOL: only cuz they have huge penis
(52:30 / All) MountainGiants: Red, I bet you have a super hot girlfriend, right?
(52:43 / All) turdhunter: fuck that lol
(53:10 / All) DETROITSUCKSLOL: i have no idea how blue didn't win this
(53:13 / All) DETROITSUCKSLOL: we had no aa at all
(53:20 / All) turdhunter: dating in highschool smh
(53:21 / All) MountainGiants: My hippos raeped him
(53:30 / All) MountainGiants: Mountain giants surrounding heroes is hilarious
(53:31 / All) turdhunter: my flying machines
(53:32 / All) MountainGiants: Best thing in 4v4
(53:35 / All) Jotunn: This is one of the greatest games
(53:40 / All) walmartpimp: agreed
(53:43 / All) MountainGiants: It shall go down in history
(53:43 / All) DETROITSUCKSLOL: ur hippos came way too late, he should killed our bases before that
(53:48 / All) DETROITSUCKSLOL: none of us had aa
(54:00 / All) Jotunn: we'll battle in the middle
(54:06 / All) Jotunn: uproot your ancient protectors as well
(54:11 / All) MountainGiants: I'm 89/100
(54:20 / All) MountainGiants: Just need gold
(54:29 / All) walmartpimp: lets go
(54:31 / All) walmartpimp: battle
(54:36 / All) walmartpimp: to the middle
(54:40 / All) MountainGiants: I'm not 100/100 fool
(54:42 / Allies) walmartpimp: my money is on pink
(54:45 / All) DETROITSUCKSLOL: should we do "M" first?
(54:46 / All) Jotunn: we all need 98 food giants first
(54:54 / All) Jotunn: 14 giants apiece
(54:56 / All) turdhunter: pink are you asian or do you just have a small dick?
(54:57 / All) DETROITSUCKSLOL: put them on "M" before we battle
(54:58 / All) MountainGiants: No, ruins the epicness
(55:20 / All) MountainGiants: Pink, I am a hermaphrodite. I have both parts. I get lots of pussy since I can secks myself.
(55:26 / Allies) walmartpimp: no protectors
(55:32 / All) turdhunter: pink are you asian or do you just have a small dick
(55:42 / All) walmartpimp: no protectors, thats cheating
(55:42 / All) MountainGiants: Read my above answer.
(55:49 / All) turdhunter: its a legitimate question and i did
(55:50 / All) DETROITSUCKSLOL: turncoat try to kill my hero in one hit
(56:02 / All) turdhunter: you still didnt answer
(56:05 / All) DETROITSUCKSLOL: first my avatar
(56:09 / All) MountainGiants: Get your clubs, gentlemen.
(56:16 / All) turdhunter: are you asian or do you just have a small dick
(56:28 / All) turdhunter: ???
(56:29 / All) walmartpimp: $50 on pink in a fair fight
(56:31 / All) MountainGiants: Red, you are 80-85. I never permitted you to speak.
(56:39 / All) turdhunter: hes asian hahahaha
(56:41 / All) MountainGiants: 96/100 and 5 wisps, waiting on gold
(56:48 / All) walmartpimp: YEAH!
(57:11 / All) turdhunter: my nigga with the small cock
(57:19 / All) MountainGiants: This is what 4v4 is all about
(57:39 / All) turdhunter: you wasting your time when you should be getting pussy?
(57:43 / All) walmartpimp: Here it comes
(57:43 / All) MountainGiants: Making last giant, 100/100 with 2 wisps
(57:43 / All) Jotunn: make sure you have enough gold to make more wisps
(57:56 / All) MountainGiants: Won't this be a biased fight because it will be a 2v1?
(58:02 / All) Jotunn: Yeah
(58:03 / All) turdhunter: stfu
(58:04 / All) MountainGiants: Red, this isn't a custom game you retard
(58:13 / All) Jotunn: CHARGE
(58:21 / All) turdhunter: pinks to pussy for 2v1 haha
(58:28 / All) MountainGiants: lol.
(58:35 / All) MountainGiants: K, middle right?
(58:37 / All) MountainGiants: 100/100
(58:39 / All) walmartpimp: wow pink that sucked
(58:50 / All) walmartpimp: that was your epic battle
(58:52 / All) DETROITSUCKSLOL: taunt all at once
(58:55 / All) DETROITSUCKSLOL: when we get 300 here
(58:55 / All) walmartpimp: i take my bet off
(58:57 / All) turdhunter: pusssy
(59:00 / All) MountainGiants: No, march of the giants is now.
(59:12 / All) Jotunn: attack move them
(59:16 / All) MountainGiants: We are at the throat of the Great Bear. Victory is at hands.
(59:22 / All) turdhunter: stfu
(59:31 / All) turdhunter: such a fucking dinkle pink i swear
(59:32 / All) MountainGiants: IN HOC SIGNO TAURUS VINCES.
(59:50 / All) walmartpimp: pink that is weak
(59:53 / All) walmartpimp: what a waste
(59:55 / All) MountainGiants: ET TU, MI AMICE?
(60:01 / All) turdhunter: STFU
(60:08 / All) MountainGiants: This is 100/100 giants, you catamite plebian.
(60:19 / All) turdhunter: dog honest stfu
(60:25 / All) walmartpimp: wow, dumb battle
(60:28 / All) walmartpimp: pink sucks
(60:29 / All) Jotunn: ALRIGHT
(60:29 / All) MountainGiants: Red, are you asian or do you have a small dick?
(60:31 / All) Jotunn: STOP THE FIGHTING
(60:32 / All) Jotunn: BROTHERS
(60:46 / All) DETROITSUCKSLOL: they're taking the hobbits to isengard!
(60:47 / All) Jotunn: LET'S TURN OUR ATTENTION TO THESE HUMAN INTERLOPERS
(60:48 / All) MountainGiants: Stop the tree from attacking fool.
(60:49 / All) turdhunter: nah nigga im white with a big scotian dick
(61:03 / All) MountainGiants: WE'RE TAKING THE HOBBITS TO ISENGARD
(61:11 / All) MountainGiants: WE'RE TAKING THE HOBBITS TO ISENGARD
(61:15 / All) MountainGiants: WE'RE TAKING THE HOBBITS
(61:21 / All) turdhunter: such a faggit holly fuck
(61:30 / All) walmartpimp: you got pwned
(61:33 / All) MountainGiants: WE'RE TAKING THE HOBBITS TO ISENGARD
(61:34 / All) DETROITSUCKSLOL: 98/`100
(61:45 / All) turdhunter: honestly im only still here to observe how fucked some ppl are
(61:53 / All) walmartpimp: you suck with mountain giants
(61:56 / All) Jotunn: UNITED IN ARMS
(62:02 / All) walmartpimp: get chims next time
(62:05 / All) Jotunn: HERE WE ARE ONE FOLK, CHILDREN OF CHIADSNFASDF
(62:14 / All) MountainGiants: WE'RE TAKING THE HOBBITS TO ISENGARD
(62:15 / All) turdhunter: STFU
(62:16 / All) Jotunn: THE HUMANS HAVE INVADED OUR LANDS WITH THEIR MODERNITY
(62:19 / All) turdhunter: ST
(62:19 / All) Jotunn: THEIR STRANGE MACHINES
(62:20 / All) turdhunter: F
(62:20 / All) turdhunter: F
(62:21 / All) turdhunter: F
(62:22 / All) turdhunter: F
(62:22 / All) turdhunter: F
(62:22 / All) turdhunter: F
(62:23 / All) turdhunter: F
(62:24 / All) turdhunter: F
(62:24 / All) turdhunter: F
(62:25 / All) turdhunter: F
(62:26 / All) turdhunter: D
(62:26 / All) turdhunter: D
(62:27 / All) turdhunter: D
(62:29 / All) Jotunn: VILE ANIMALS
(62:33 / All) turdhunter: FUCK yall NIGGA
(62:34 / All) Jotunn: WE MUST ERADICATE THE HUMANS
(62:36 / All) turdhunter: H
(62:36 / All) turdhunter: H
(62:37 / All) turdhunter: H
(62:37 / All) turdhunter: H
(62:38 / All) turdhunter: HH
(62:38 / All) turdhunter: H
(62:39 / All) MountainGiants: WE'RE TAKING THE HOBBITS TO ISENGARD
(62:39 / All) turdhunter: H
(62:40 / All) turdhunter: H
(62:41 / All) turdhunter: H
(62:41 / All) turdhunter: H
(62:42 / All) turdhunter: H
(62:42 / All) turdhunter: H
(62:43 / All) turdhunter: HH
(62:44 / All) turdhunter: H
(62:44 / All) turdhunter: H
(62:45 / All) turdhunter: H
(62:45 / All) turdhunter: H
(62:46 / All) turdhunter: HH
(62:46 / All) turdhunter: H
(62:47 / All) turdhunter: H
(62:47 / All) turdhunter: H
(62:48 / All) turdhunter: H
(62:48 / All) turdhunter: G
(62:49 / All) turdhunter: GH
(62:49 / All) turdhunter: H
(62:50 / All) turdhunter: HH
(62:50 / All) turdhunter: H
(62:51 / All) turdhunter: H
(62:52 / All) turdhunter: HH
(62:53 / All) turdhunter: H
(62:53 / All) turdhunter: HH
(62:54 / All) turdhunter: H
(62:55 / All) turdhunter: HH
(62:57 / All) MountainGiants: DEER ARE ENDANGERED ANIMALS MOTHERFUCK
(62:59 / All) Jotunn: FORWARD!
(63:07 / All) walmartpimp: pink, get chims next time
(63:18 / All) walmartpimp: You suck with mountain giants
(63:18 / All) MountainGiants: Mass giants all day long, fuck you.
(63:23 / All) walmartpimp: yeah but you arent good with them
(63:26 / All) walmartpimp: Thats the problem
(63:30 / All) turdhunter: SUCH A FAGIT PINK
(63:30 / All) MountainGiants: M RETARD
(63:44 / All) turdhunter: SOMEONE FUCK PINK UP PLEASE
(63:46 / All) MountainGiants: I have no idea why you say I'm bad with them.
(63:53 / All) turdhunter: JUMP PINK
(63:54 / All) MountainGiants: Mountain giants are not a hard unit to use.
(64:01 / All) turdhunter: JUMP PINK
(64:03 / All) walmartpimp: you got owned with them the whole game
(64:08 / All) MountainGiants: We are killing your shit now.
(64:13 / All) turdhunter: YELLOW SPEAKS REAL
(64:16 / All) MountainGiants: No, I raped red's 100/100 knight army E-Z.
(64:36 / All) MountainGiants: Yellow had nothing, he was jerking off in his base to the mountain giants.
(64:38 / All) walmartpimp: seriously, learn another unit, like chims
(64:50 / All) MountainGiants: I am an UD/HU player, why chims?
(64:51 / All) walmartpimp: cause you suck at giants
(64:56 / All) turdhunter: ^ TRUE
(65:00 / All) DETROITSUCKSLOL: giants rape
(65:02 / All) turdhunter: MY KNIGHTS FUCKED YOU UP
(65:05 / All) walmartpimp: yeah get frosts or something
(65:15 / All) MountainGiants: No, I raped your knights red and only lost 0 giants.
(65:16 / All) walmartpimp: something not land unit
(65:25 / All) MountainGiants: I am pro with destroyer/fiend yellow.
(65:27 / All) MountainGiants: 1v1?
(65:27 / All) walmartpimp: cause you cant control land units
(65:33 / All) turdhunter: NAH YOUR BOYFRIENDS HAD TO COME SAVE YO
(65:35 / All) walmartpimp: yeah sure
(65:39 / All) walmartpimp: lets 1 vs 1
(65:45 / All) walmartpimp: you UD
(65:50 / All) MountainGiants: K
(65:58 / All) MountainGiants: Channel Bake after the game
(66:03 / All) turdhunter: YALL ARE HONESTLY THE BIGGEST FAGGETS IVE EVER SEEN IN MY LIFE
(66:09 / All) MountainGiants: Cool!
(66:17 / All) MountainGiants: WE'RE TAKING THE HOBBITS TO ISENGARD.
(66:21 / All) turdhunter: FUCK USA
(66:23 / All) turdhunter: 902
(66:24 / All) walmartpimp: i bet you are
(66:25 / All) turdhunter: SCOTIA
(66:28 / All) MountainGiants: I am Scottish-Canadian
(66:29 / All) turdhunter: DARKSIDE
(66:33 / All) walmartpimp: take the hobbits
(66:34 / All) MountainGiants: No idea what the fuck Scotia is
(66:39 / All) turdhunter: NOVA SCOTIA
(66:40 / All) turdhunter: 902
(66:52 / All) turdhunter: FUCK YOU SCOTIISH CANADIAN IM A REAL CANADIAN
(66:54 / All) MountainGiants: Nova Scotia sucks cock
(67:08 / All) turdhunter: NAH WHERE THE FUCK YOU FROM ONT?
(67:14 / All) turdhunter: OR QUEBEC
(67:16 / All) MountainGiants: BC
(67:19 / All) MountainGiants: Quebec sucks too
(67:19 / All) turdhunter: SOFT
(67:27 / All) turdhunter: HAHA PUSSY LITTLE STONERS
(67:30 / All) DETROITSUCKSLOL: channel jake after this
(67:34 / All) DETROITSUCKSLOL: 1v1 u noobs
(67:36 / All) DETROITSUCKSLOL: pink vs red
(67:40 / All) DETROITSUCKSLOL: them me vs yellow
(67:44 / All) DETROITSUCKSLOL: battle of the pro's
(67:49 / All) MountainGiants: Channel Bake you moron
(67:55 / All) MountainGiants: Don't typo it for them
(67:57 / All) walmartpimp: waiting
(68:00 / All) turdhunter: FUCK BC
(68:05 / All) turdhunter: EAST COAST
(68:06 / All) Jotunn: ET TU, BRUTE?
(68:07 / All) turdhunter: 902
(68:09 / All) turdhunter: SCOTIA
(68:12 / All) MountainGiants: ET TU, MI AMICE?
(68:13 / All) turdhunter: DARKSIDE
(68:15 / All) turdhunter: HALI
(68:16 / All) MountainGiants: O TEMPORA, O MORES!
(68:23 / All) Jotunn: WHAT? VIOLENCE, AGAINST CAESAR?
(68:25 / All) DETROITSUCKSLOL: any last words red and yellow?
(68:30 / All) MountainGiants: PREPOSTEROUS!
(68:35 / All) walmartpimp: make sure you use a unit that you can play well with
(68:39 / All) turdhunter: FUCK BC
(68:43 / All) MountainGiants: BC is pro
(68:48 / All) MountainGiants: I can use every unit yellow
(68:49 / All) turdhunter: PUSSY SHIT
(68:52 / All) MountainGiants: Especially mountain giants
(68:57 / All) walmartpimp: i dont want your shitty giants, too easy
(68:58 / All) turdhunter: COME DOWN TO SCOTIA
(69:00 / All) walmartpimp: i want your good units
(69:04 / All) MountainGiants: Scotia sucks like you
(69:10 / All) DETROITSUCKSLOL: THESE giants can haul ass
(69:13 / All) DETROITSUCKSLOL: im surprised
(69:13 / All) turdhunter: DONT EVEN KNO HOME OF THE FUCKING TRAILER PARK BOYS
(69:15 / All) MountainGiants: Ok yellow, I'll go mass carrier
(69:27 / All) turdhunter: TBP
(69:40 / All) turdhunter: MY HOUSE WAS IN THE FUCKING MOIVE
(69:41 / All) MountainGiants: I never said what game we're playing
(69:44 / All) DETROITSUCKSLOL: channel ajke
(69:44 / All) MountainGiants: It's Brood War right?
(69:48 / All) MountainGiants: Channel jake on ICCUP?
(69:51 / All) turdhunter: COUNT DOWN TO LIQUIR DAY
(69:55 / All) MountainGiants: Are you a F- player red and yellow?
(69:58 / All) MountainGiants: I am A+ gosu
(70:15 / All) turdhunter: your from bc stfu you little skater stoner boy
(70:30 / Allies) walmartpimp: lol
(70:35 / All) MountainGiants: I am studying theoretical physics in university, I cannot afford to be stoned
(70:37 / All) turdhunter: yeah nigga real talk
(70:38 / All) MountainGiants: I have never had drugs
(70:47 / All) turdhunter: hahahaha pussssy
(70:53 / All) turdhunter: you missin out dog
(71:09 / All) MountainGiants: Are you black? Only black people say dawg.
(71:15 / All) MountainGiants: Red, 1v1?
(71:19 / All) Jotunn: I say dawg all the time!
(71:25 / All) turdhunter: ok but give me this win and i will
(71:32 / All) MountainGiants: This one bear is like SHIIIIIIIIIIIIIIIIIT
(71:37 / All) MountainGiants: M niggers
(71:51 / All) MountainGiants: This tree is terrified
(71:56 / All) Jotunn: FIGHT!
(72:06 / Allies) walmartpimp: hes making bears
(72:09 / All) walmartpimp: bears
(72:11 / All) walmartpimp: LOL
(72:16 / All) MountainGiants: 1
(72:18 / All) MountainGiants: l2 count
(72:26 / All) Jotunn: THE BEAR WENT OVER THE MOUNTAIN
(72:33 / All) DETROITSUCKSLOL: love that song
(72:33 / All) turdhunter: lol pinks never tired drugs hahaha
(72:37 / All) MountainGiants: THE MOON COMES OVER THE TOWER
(72:43 / All) turdhunter: still laughin at that
(72:56 / All) turdhunter: what channel?
(72:59 / All) MountainGiants: Bake